 Dungeon Crawl Stone Soup version 0.21.0-25-ge575cb9 (webtiles) character file.

81 sankara the Insei (level 4, -3/37 HPs)
             Began as a Draconian Transmuter on Jan 22, 2018.
             Slain by an ogre
             ... wielding a +0 giant spiked club
              (14 damage)
             ... on level 2 of the Dungeon.
             The game lasted 00:06:52 (1547 turns).

sankara the Insei (Draconian Transmuter)            Turns: 1547, Time: 00:06:52

Health: -3/37      AC:  2    Str: 12    XL:     4   Next: 20%
Magic:  2/7        EV: 19    Int: 17    God:
Gold:   95         SH:  0    Dex: 17    Spells: 1/7 levels left

rFire    . . .     SeeInvis .     - Unarmed
rCold    . . .     Gourm    .   (shield currently unavailable)
rNeg     + . .     Faith    .   (armour unavailable)
rPois    x         Spirit   .   (helmet currently unavailable)
rElec    .         Reflect  .   (cloak currently unavailable)
rCorr    .         Harm     .   (gloves currently unavailable)
MR       .....                  (boots currently unavailable)
Stlth    ++........             l - amulet of regeneration
HPRegen  0.52/turn              m - ring of positive energy
MPRegen  0.10/turn              k - +3 ring of intelligence

@: spider-form (expiring)
A: tiny, unfitting armour, AC +5
a: End Transformation


You were on level 2 of the Dungeon.
You were not hungry.
You were a venomous arachnid creature.
You visited 1 branch of the dungeon, and saw 2 of its levels.

You collected 95 gold pieces.

Inventory:

Missiles
 a - 26 arrows
Jewellery
 e - an uncursed amulet of rage
 k - a +3 ring of intelligence (right front leg)
 l - an amulet of regeneration (around neck)
 m - a ring of positive energy (left front leg)
Scrolls
 h - a scroll of teleportation
Potions
 d - a potion of flight {unknown}
Books
 b - a book of Changes

   Spells                             Type                      Level
   a - Beastly Appendage              Transmutation                1
   b - Sticks to Snakes               Transmutation                2
   c - Spider Form                    Transmutation/Poison         3
   d - Ice Form                       Ice/Transmutation            4
   e - Blade Hands                    Transmutation                5
Comestibles
 c - 3 rations
 i - 4 chunks of flesh


   Skills:
 + Level 2.4 Fighting
 - Level 1.7 Dodging
 * Level 4.1 Unarmed Combat
 - Level 2.0 Spellcasting
 + Level 2.7 Transmutations


You had one spell level left.
You knew the following spells:

 Your Spells              Type           Power        Failure   Level  Hunger
a - Beastly Appendage     Tmut           ##....       17%         1    #......
b - Sticks to Snakes      Tmut           ##......     24%         2    ###....
c - Spider Form           Tmut/Pois      #.........   54%         3    ###....


Dungeon Overview and Level Annotations

Branches:
Dungeon (2/15)

Altars:
Yredelemnul
Zin


Innate Abilities, Weirdness & Mutations

((Your plain brown scales are hard. (AC +5)))
You cannot fit into any form of body armour.
((You are cold-blooded and may be slowed by cold attacks.))


Message History

You climb upwards.
There is a stone staircase leading down here.
You start resting.
Your magical contamination has completely faded away.
You start resting.
Casting: Spider Form
Confirm with . or Enter, or press ? or * to list all spells.
You turn into a venomous arachnid creature.
You climb downwards.
The ogre hits you with a giant spiked club!
There is a stone staircase leading up here.
You bite the ogre!
The ogre is moderately wounded.
The ogre hits you with a giant spiked club!
* * * LOW HITPOINT WARNING * * *
You barely miss the ogre.
The ogre is moderately wounded.
Your transformation is almost over.
The ogre hits you with a giant spiked club!
You die...

#......... ##
#.........
.#####.........
.))(##........
.###.(....[#
..##.......#
..##.......#####
..##...........####
................s<#
#.####...........O#
#..###..##.###....#
##......##........#
#......##.###....#
#.........# #.####
#.......#.###.#######
##...................#
.##.##..##.###.......#


You could see an ogre.

Vanquished Creatures
  A bullfrog skeleton (D:2)
  An adder (D:2)
  An ooze (D:2)
  A worm (D:2)
  A leopard gecko (D:1)
  2 ball pythons
  8 bats
  2 giant cockroaches (D:1)
  3 goblins (D:2)
  4 hobgoblins (D:2)
  9 kobolds
  A frilled lizard (D:2)
  A rat (D:2)
35 creatures vanquished.

Notes
Turn   | Place    | Note
-------+----------+-------------------------------------------
     0 | D:1      | sankara the Draconian Transmuter began the quest for the Orb.
     0 | D:1      | Reached XP level 1. HP: 16/16 MP: 3/3
    81 | D:1      | Reached XP level 2. HP: 12/23 MP: 5/5
    89 | D:1      | Learned a level 2 spell: Sticks to Snakes
   894 | D:2      | Reached XP level 3. HP: 18/29 MP: 3/6
   903 | D:2      | Learned a level 3 spell: Spider Form
  1043 | D:2      | Found a basalt altar of Yredelemnul.
  1083 | D:2      | Reached skill level 4 in Unarmed Combat
  1150 | D:2      | Noticed an ogre
  1215 | D:2      | Reached XP level 4. HP: 26/36 MP: 2/7
  1366 | D:2      | Found a glowing silver altar of Zin.
  1547 | D:2      | Slain by an ogre

Skill      XL: |  1  2  3 |
---------------+----------+-----
Fighting       | 2 |  2.4
Unarmed Combat | 4 |  4.1
Dodging        | |  1.7
Spellcasting   | |  2.0
Transmutations | |  2.7

Action                   |  1- 3 |  4- 6 || total
-------------------------+-------+-------++-------
Melee: Unarmed           |    85 |    30 ||   115
       Kick              |     6 |     3 ||     9
       Headbutt          |     6 |     2 ||     8
       Tailslap          |     2 |     3 ||     5
 Cast: Beastly Appendage |    17 |     4 ||    21
       Spider Form       |       |     1 ||     1
  Use: Scroll            |     2 |     4 ||     6
  Eat: Chunk             |     1 |     2 ||     3
Armor: Skin              |    47 |     8 ||    55
Dodge: Dodged            |    76 |    15 ||    91
